AoeStats
← ReynaldDeZureich

Four Lakes

510193038Analyzed
1v1 RM · 2d ago on Sep 29, 2026· 42m 14s· 2 players
Game mode
Random Map
Map size
Tiny (2 player)
Population
200
Speed
Normal
Resources
Standard
Victory
Conquest
Starting age
Dark Age
Ending age
Imperial Age
RankedLock teamsTeams togetherTeam positionsShared explorationLock speedFull tech treeHidden civsTurbo modeCheats
Victory
Defeat
🇨🇭 Shu · Switzerland
955
+17
🇦🇺 Japanese · Australia
975
-17
ReynaldDeZureich
8:37 Loom
11:24 Feudal Age
11:54 Double-Bit Axe
14:41 Fletching
21:06 Castle Age
29:44 Imperial Age
30:56 Siege Engineers
31:53 Chemistry
32:03 Scale Barding Armor
34:37 Wheelbarrow
MysticTuba8187
9:25 Loom
13:14 Feudal Age
13:22 Man-at-Arms
16:36 Arson
18:07 Padded Archer Armor
19:15 Wheelbarrow
21:28 Scale Mail Armor
21:19 Fletching
23:11 Double-Bit Axe
29:04 Castle Age
29:58 Bow Saw
31:18 Pikeman
33:58 Husbandry
33:51 Gold Mining
34:26 Chain Mail Armor
34:27 Leather Archer Armor
35:10 Forging
34:57 Town Watch
37:36 Murder Holes
38:47 Hand Cart
Connection lost

Rejoining the realm…

Still unreachable

The connection could not be restored.

Session expired

The server has moved on; the page needs a fresh start.